 Dungeon Crawl Stone Soup version 0.29-a0-319-gad05b8d819 (webtiles) character file.

Game seed: 12795184016865220276

31 Dabor the Insei (level 3, 0/26 HPs)
             Began as a Demonspawn Transmuter on Apr 2, 2022.
             Killed from afar by Natasha (9 damage)
             ... with a magic dart
             ... on level 2 of the Dungeon.
             The game lasted 00:01:16 (1603 turns).

Dabor the Insei (Demonspawn Transmuter)             Turns: 1603, Time: 00:01:16

Health: 0/26       AC:  4    Str: 10    XL:     3   Next: 7%
Magic:  3/6        EV: 13    Int: 14    God:
Gold:   57         SH:  0    Dex: 21    Spells: 3/6 levels left

rFire   . . .      SeeInvis .     - Unarmed
rCold   . . .      Faith    .   (no shield)
rNeg    . . .      Spirit   .   a - +0 robe
rPois   .          Reflect  .   (helmet currently unavailable)
rElec   .          Harm     .   g - +0 cloak
rCorr   .          Rampage  .   (no gloves)
Will    .....                   (boots currently unavailable)
Stlth   ++........              (no amulet)
HPRegen 0.08/turn               k - +6 ring of dexterity
MPRegen 0.10/turn               (no ring)

@: appendages (expiring), wereblooded, slowed, very slow
A: horns 2, talons 2, sharp scales 1
a: End Transformation


You were on level 2 of the Dungeon.
You had temporarily grown beastly horns and talons.
You visited 1 branch of the dungeon, and saw 2 of its levels.

You collected 57 gold pieces.

Inventory:

Armour
 a - a +0 robe (worn)
 g - a +0 cloak (worn)
Jewellery
 k - a +6 ring of dexterity (left hand)
Scrolls
 c - a scroll of fear {unknown}
 e - 2 scrolls of identify {unknown}
 i - a scroll of vulnerability {unknown}
 j - a scroll of noise {unknown}
Potions
 b - a potion of lignification
 d - a potion of heal wounds {unknown}
 f - a potion of might {unknown}
 h - a potion of brilliance {unknown}


   Skills:
 + Level 1.5 Fighting
 + Level 2.1 Dodging
 + Level 3.0 Unarmed Combat
 + Level 2.3 Spellcasting
 + Level 2.1 Transmutations


You had 3 spell levels left.
You knew the following spells:

 Your Spells              Type           Power      Damage    Failure   Level
a - Beastly Appendage     Tmut           14%        N/A       10%         1
b - Wereblood             Tmut           7%         N/A       14%         2

Your spell library contained the following spells:

 Spells                   Type           Power      Damage    Failure   Level
 Spider Form              Tmut/Pois      4%         N/A       41%         3
 Ice Form                 Ice/Tmut       4%         N/A       83%         4


Dungeon Overview and Level Annotations

Branches:
Dungeon (2/15)

Altars:

Annotations:
D:2 Natasha


Innate Abilities, Weirdness & Mutations

You have temporarily grown beastly horns and talons.
You are partially covered in razor-sharp scales. (AC +1, Slay +1)


Message History

Found a stone staircase leading down.
Natasha, Servant of Life and Death comes into view.
Natasha is nearby!
Natasha is nearby!
Natasha is nearby!
Found a scroll labelled ERGHEM TEJYK.
Natasha hisses angrily.
Natasha howls an incantation.
You feel disoriented.
Natasha stares at you and mumbles some strange words.
You feel yourself slow down.
Casting: Beastly Appendage (safe; 10% risk of failure)
Confirm with . or Enter, or press ? or * to list all spells.
You grow a pair of large bovine horns.
Your feet morph into talons.
Casting: Beastly Appendage (safe; 10% risk of failure)
Confirm with . or Enter, or press ? or * to list all spells.
Your blood is infused with primal strength.
Natasha claws you. Natasha claws you but does no damage.
You hit Natasha. You headbutt Natasha.
Natasha is moderately wounded.
Natasha stares at you and mumbles some strange words.
You resist with significant effort.
You barely miss Natasha.
Natasha is moderately wounded.
Natasha wildly gestures.
You feel disoriented. Natasha closely misses you.
Natasha stares at you and mumbles some strange words.
The magic dart hits you.
You hit Natasha. Your kick misses Natasha.
Natasha is severely wounded.
Natasha misses you.
You hit Natasha. You claw Natasha.
Natasha is almost dead.
Your transformation is almost over.
Natasha casts a spell at you. The magic dart hits you!
Natasha casts a spell at you. The magic dart hits you!
You die...

..# #..## ....
... .. ########.#
#......h.# #+ #.#
###@.# #.# #.#
#...?#
####.####.#
#.#.##
#.........###.#.#
#.#...###.......#
#......##.###.###
##.#...###.###.#
...........>...#
##.##.####.#####


You could see Natasha.

Vanquished Creatures
  6 ball pythons
  An endoplasm (D:1)
  A giant cockroach (D:1)
  7 goblins (D:1)
  2 hobgoblins (D:1)
  2 kobolds (D:1)
  3 quokkas
  2 bats (D:1)
  3 frilled lizards (D:1)
27 creatures vanquished.

Vanquished Creatures (others)
  4 toadstools (D:1)
4 creatures vanquished.

Grand Total: 31 creatures vanquished

Notes
Turn   | Place    | Note
-------+----------+-------------------------------------------
     0 | D:1      | Dabor the Demonspawn Transmuter began the quest for the
                  | Orb.
     0 | D:1      | Reached XP level 1. HP: 15/15 MP: 3/3
   344 | D:1      | Gained mutation: You are partially covered in razor-sharp
                  | scales. (AC +1, Slay +1) [demonic ancestry]
   344 | D:1      | Reached XP level 2. HP: 18/21 MP: 3/5
   347 | D:1      | Learned a level 2 spell: Wereblood
  1241 | D:1      | Reached XP level 3. HP: 23/26 MP: 6/6
  1406 | D:2      | Reached skill level 3 in Unarmed Combat
  1594 | D:2      | Noticed Natasha
  1603 | D:2      | Killed from afar by Natasha

Illustrated notes

Levels and vault maps discovered:
D:1:      ldierk_walled_garden_2, layout_basic
D:2:      layout_loops_corners, dreamdust_princess_bridge,
          chequers_serial_rivers_micro_b, uniq_natasha

Skill      XL: |  1  2  3 |
---------------+----------+-----
Dodging        | 2 |  2.1
Transmutations | 2 |  2.1
Unarmed Combat | 3 |  3.0
Fighting       | |  1.5
Spellcasting   | |  2.3

Action                   || total
-------------------------++-------
Melee: Unarmed           ||    67
       Kick              ||    11
       Headbutt          ||     4
 Cast: Beastly Appendage ||    18
       Wereblood         ||     2
 Stab: Sleeping          ||     2
Armor: Robe              ||     8
Dodge: Dodged            ||    39

Table legend: (Time is in decaauts)
 A = Elapsed time spent in this place.
 B = Non-inter-level travel time spent in this place.
 C = Inter-level travel time spent in this place.
 D = Time resting spent in this place.
 E = Time spent auto-exploring this place.
 F = Levels seen in this place.
 G = Mean time per level.
                   A        B        C        D        E       F      G
               +--------+--------+--------+--------+--------+-----+--------+
         Total |   1601 |   1581 |     20 |    154 |   1223 |   2 |  800.5 |
       Dungeon |   1601 |   1581 |     20 |    154 |   1223 |   2 |  800.5 |
               +--------+--------+--------+--------+--------+-----+--------+

Top non-repeatable levels by time:
     D:1: 1401 daAuts
     D:2: 200 daAuts
